 Dungeon Crawl Stone Soup version 0.29.1-12-g30fa7ad0bf (webtiles) character file.

Game seed: 13369184986452991367

84 ChadusMaximus the Covered (level 4, -5/40 HPs)
             Began as a Minotaur Fighter on Dec 14, 2022.
             Killed by divine providence
             ... invoked by an orc priest
              (11 damage)
             ... on level 3 of the Dungeon.
             The game lasted 00:01:21 (3154 turns).

ChadusMaximus the Covered (Minotaur Fighter)        Turns: 3154, Time: 00:01:21

Health: -5/40      AC:  7    Str: 29    XL:     4   Next: 24%
Magic:  3/3        EV:  9    Int:  5    God:
Gold:   82         SH:  4    Dex:  9    Spells: 3/3 levels left

rFire   . . .      SeeInvis .   a - +0 war axe
rCold   . . .      Faith    .   c - +0 buckler
rNeg    . . .      Spirit   .   b - +0 scale mail
rPois   .          Reflect  .   (helmet restricted)
rElec   .          Harm     .   (no cloak)
rCorr   .          Rampage  .   (no gloves)
Will    .....                   (no boots)
Stlth   ..........              q - amulet of the acrobat
HPRegen 0.13/turn               t - +6 ring of strength
MPRegen 0.08/turn               (no ring)

@: no status effects
A: horns 2, retaliatory headbutt
a: no special abilities


You were on level 3 of the Dungeon.
You visited 1 branch of the dungeon, and saw 3 of its levels.

You collected 82 gold pieces.

Inventory:

Hand Weapons
 a - a +0 war axe (weapon)
Armour
 b - a +0 scale mail (worn)
 c - a +0 buckler (worn)
Jewellery
 q - an amulet of the acrobat (around neck)
 t - a +6 ring of strength (left hand)
Scrolls
 f - 3 scrolls of identify {unknown}
 j - a scroll of teleportation {unknown}
 l - a scroll of fog {unknown}
 m - 2 scrolls of blinking {unknown}
 n - a scroll of brand weapon {unknown}
 p - a scroll of immolation {unknown}
 s - a scroll of noise {unknown}
Potions
 d - a potion of might
 e - a potion of haste {unknown}
 g - a potion of heal wounds {unknown}
 h - a potion of attraction {unknown}
 i - 3 potions of curing {unknown}
 k - a potion of lignification {unknown}
 o - 2 potions of brilliance {unknown}
 r - 2 potions of cancellation {unknown}


   Skills:
 + Level 4.0 Fighting
 + Level 3.4 Axes
 + Level 4.7 Armour
 + Level 0.4 Dodging
 + Level 0.1 Stealth
 + Level 4.1 Shields


You had 3 spell levels left.
You didn't know any spells.
Your spell library contained the following spells:

 Spells                   Type           Power      Damage    Failure   Level
 Gell's Gravitas          Tloc           0%         N/A       99%         3
 Lesser Beckoning         Tloc           0%         N/A       99%         3
 Teleport Other           Tloc           0%         N/A       99%         3


Dungeon Overview and Level Annotations

Branches:
Dungeon (3/15)

Altars:
Zin

Shops:
D:3 *


Innate Abilities, Weirdness & Mutations

You have a pair of horns on your head.
You reflexively headbutt those who attack you in melee.


Message History

There are monsters nearby!
You hit the orc. You headbutt the orc.
You kill the orc!
You closely miss the orc priest.
The orc priest hits you with a +0 hand axe.
An orc wizard comes into view. It is wielding a +0 dagger.
The orc priest hits you with a +0 hand axe.
There are monsters nearby!
You closely miss the orc priest. You headbutt the orc priest.
The orc priest is moderately wounded.
The orc priest closely misses you.
There are monsters nearby!
You hit the orc priest. Your headbutt misses the orc priest.
The orc priest is heavily wounded.
The orc priest hits you but does no damage.
The orc wizard mumbles some strange words.
The orc wizard flickers and vanishes!
Deactivating autopickup; reactivate with Ctrl-A.
Unknown command.
You barely miss the orc priest. You headbutt the orc priest.
The orc priest is almost dead.
The orc priest closely misses you.
The orc priest calls down the wrath of Beogh upon you.
Beogh smites you! The orc priest barely misses you.
You are too injured to fight recklessly!
Unknown command.
You are too injured to fight recklessly!
You are too injured to fight recklessly!
Unknown command.
You barely miss the orc priest. Your headbutt misses the orc priest.
The orc priest is almost dead.
The orc priest invokes the aid of Beogh against you.
Beogh smites you!
* * * LOW HITPOINT WARNING * * *
You barely miss the orc priest.
The orc priest is almost dead.
The orc priest hits you but does no damage.
The orc priest calls down the wrath of Beogh upon you.
Beogh smites you!
You die... ##### {oo

#o# # ##+####@##### #
#...........# #
#...........# ####
#............# #...
#............# #.#.
#............# #.#.
#########....<.......#
#.#.
#....................#
#.#.
#..........).........#
##†##


You could see 2 orc priests and an orc.

Vanquished Creatures
  A gnoll (D:1)
  An adder (D:3)
  3 dart slugs
  A worm (D:3)
  An orc (D:3)
  14 ball pythons
  4 bats
  4 endoplasms
  3 giant cockroaches (D:2)
  7 goblins
  A hobgoblin (D:1)
  4 quokkas
  3 frilled lizards
  3 kobolds
  3 rats
53 creatures vanquished.

Vanquished Creatures (others)
  A plant (D:1)
1 creature vanquished.

Grand Total: 54 creatures vanquished

Notes
Turn   | Place    | Note
-------+----------+-------------------------------------------
     0 | D:1      | ChadusMaximus the Minotaur Fighter began the quest for the
                  | Orb.
     0 | D:1      | Reached XP level 1. HP: 19/19 MP: 0/0
   254 | D:1      | Found a faded altar of an unknown god.
   376 | D:1      | Reached XP level 2. HP: 25/27 MP: 1/1
  1028 | D:1      | Reached XP level 3. HP: 30/33 MP: 2/2
  2637 | D:3      | Reached XP level 4. HP: 39/40 MP: 3/3
  2882 | D:3      | Found a glowing silver altar of Zin.
  2883 | D:3      | Found Zin's Purification Station.
  3154 | D:3      | Killed from afar by an orc priest

Illustrated notes

Levels and vault maps discovered:
D:1:      dpeg_arrival_short_road, layout_loops_corners,
          nicolae_ecumenical_snake_handling, serial_bayou_pond_a
D:2:      layout_basic, chequers_serial_rivers_room_a, minmay_pentomino_z2
D:3:      minmay_general_purpose_star, layout_basic, zin_purify,
          lemuel_blue_sif_altar

Skill      XL: |  1  2  3 |
---------------+----------+-----
Armour         | 4 |  4.7
Shields        | 4 |  4.1
Axes           | 3 |  3.4
Fighting       | 4 |  4.0
Dodging        | |  0.4
Stealth        | |  0.1

Action                   |  1- 3 |  4- 6 || total
-------------------------+-------+-------++-------
Melee: War axe           |    83 |    25 ||   108
       Headbutt          |    11 |     9 ||    20
Armor: Scale mail        |    31 |     8 ||    39
Dodge: Dodged            |    44 |     8 ||    52
Block: Buckler           |    23 |       ||    23
